Map: Dusk Towers

Players

lippy - Winner!

  • Race: Terran Terran
  • League: Diamond

blackxored

  • Race: Zerg Zerg
  • League: Platinum

VOD

Have the link to the VOD?

Description

Time

  • Played on: June 26, 2016, 3:31 p.m.
  • Length: 11:54
Show
View Real Time Build Order
Export as new Build Order

lippy Terran - Winner!

Build Orders: Reaper Expand, MMM Bio 

Get SALT Encoding   

  12  0:00  SCV  
  13  0:13  SCV  
  14  0:18  Supply Depot  
  14  0:25  SCV  
  15  0:40  SCV  
  15  0:42  Barracks  
  16  0:47  Refinery  
  16  0:52  SCV  
  17  1:04  SCV  
  18  1:16  SCV  
  19  1:28  Orbital Command  
  19  1:31  Reaper  
  20  1:42  Command Center  
  20  1:51  Refinery  
  20  1:54  SCV  
  21  2:02  Supply Depot  
  21  2:03  Marine  
  22  2:09  SCV  
  23  2:23  Barracks Reactor, SCV  
  23  2:28  Factory  
  24  2:50  SCV  
  25  2:54  Orbital Command  
  25  3:02  SCV  
  26  3:12  Barracks Tech Lab  
  26  3:15  SCV  
  26  3:17  Hellion x2  
  26  3:18  Starport  
  32  3:20  SCV  
  33  3:27  SCV  
  33  3:30  Marine  
  33  3:32  SCV, Stimpack  
  35  3:38  Barracks  
  35  3:39  Barracks  
  35  3:47  Widow Mine x2  
  35  3:48  Marine  
  39  3:49  SCV  
  39  3:51  SCV  
  42  3:57  Starport Reactor  
  42  4:04  SCV  
  43  4:16  SCV  
  44  4:26  Barracks Reactor x2  
  44  4:29  Widow Mine  
  46  4:33  Command Center  
  46  4:34  Supply Depot  
  46  4:37  Supply Depot  
  46  4:49  Supply Depot  
  46  4:51  Engineering Bay  
  46  4:55  Medivac x2, Widow Mine, SCV x2  
  46  4:57  Engineering Bay  
  54  5:08  SCV x2  
  52  5:23  SCV  
  52  5:26  Refinery  
  52  5:27  Refinery, Marine  
  52  5:28  Marine x3, Marauder  
  58  5:31  Hellion x2  
  63  5:35  SCV  
  63  5:36  SCV  
  63  5:40  Terran Infantry Weapons Level 1  
  63  5:41  Terran Infantry Armor Level 1  
  65  5:48  SCV x2  
  65  5:49  Marauder  
  65  5:56  Marine x4  
  69  6:00  SCV  
  69  6:10  Marauder  
  64  6:14  Marine x4  
  64  6:15  Hellion x2  
  72  6:21  Combat Shields  
  72  6:26  Barracks  
  72  6:28  Barracks  
  72  6:30  Armory  
  72  6:31  Marine x2, Orbital Command  
  72  6:32  Marine  
  75  6:34  SCV  
  75  6:37  Marine  
  77  6:40  Marine  
  77  6:45  Widow Mine x2  
  77  6:46  SCV  
  83  6:55  Medivac  
  83  7:00  Supply Depot  
  85  7:22  Medivac  
  66  7:52  SCV  
  66  7:53  SCV  
  66  7:56  Marine x4  
  66  7:58  Barracks Reactor, Barracks Tech Lab  
  72  7:59  Concussive Shells  
  72  8:01  Marine  
  72  8:05  SCV  
  74  8:06  Terran Vehicle Weapons Level 1  
  74  8:10  Supply Depot, Widow Mine x2  
  78  8:14  Marine x4  
  78  8:19  Terran Infantry Armor Level 2, Terran Infantry Weapons Level 2  
  82  8:21  Command Center  
  82  8:33  Orbital Command  
  79  8:54  Widow Mine x2  
  83  8:58  SCV  
  83  8:59  SCV  
  83  9:00  SCV  
  86  9:10  SCV  
  86  9:11  SCV  
  78  9:28  SCV  
  79  9:33  Marine  
  79  9:34  Marine, Marauder x2  
  79  9:35  Marine x4  
  89  9:48  SCV  
  89  9:50  SCV x2  
  89  9:51  Marine  
  89  9:52  Marine x3  
  94  9:53  Marine x2  
  94  9:55  Marauder  
  94  9:56  Marauder  
  102  10:00  Barracks x2, SCV  
  102  10:01  Missile Turret  
  102  10:02  SCV x2  
  102  10:04  Supply Depot x2  
  102  10:05  Barracks  
  102  10:06  Supply Depot  
  105  10:12  SCV, Armory  
  106  10:14  SCV  
  106  10:17  Marauder x2  
  106  10:20  Marine x6  
  116  10:24  SCV  
  111  10:30  Medivac x2  
  115  10:37  Marine  
  115  10:38  Marine x2  
  118  10:44  Supply Depot  
  118  10:45  Supply Depot  
  118  10:52  Missile Turret  
  118  10:54  Missile Turret  
  118  10:55  Missile Turret x2  
  118  11:00  Medivac x2  
  122  11:06  Barracks Reactor  
  122  11:07  Barracks Reactor  
  122  11:08  Barracks Tech Lab, Marauder  
  122  11:09  Marine x5, Marauder  
  121  11:30  Marauder x2  
Show
View Real Time Build Order
Export as new Build Order

blackxored Zerg 

Build Orders: Hatch First, Muta Ling Bane 

Get SALT Encoding   

  12  0:01  Drone  
  13  0:09  Drone  
  14  0:17  Overlord  
  14  0:23  Extractor, Drone  
  15  0:36  Drone  
  15  0:37  Drone  
  17  0:53  Hatchery  
  17  0:55  Drone  
  17  0:57  Drone  
  18  1:10  Extractor  
  17  1:13  Spawning Pool  
  17  1:16  Drone  
  17  1:21  Drone  
  18  1:32  Drone  
  19  1:38  Overlord  
  19  1:49  Drone  
  20  2:00  Zergling x2, Queen  
  23  2:04  Queen  
  23  2:05  Zergling x2  
  26  2:11  Zergling x2  
  27  2:16  Metabolic Boost  
  27  2:20  Drone  
  28  2:33  Extractor  
  28  2:34  Hatchery  
  26  2:54  Overlord  
  26  2:55  Drone x2  
  26  2:56  Drone x3  
  31  3:00  Pneumatized Carapace  
  31  3:14  Drone  
  31  3:17  Drone x2  
  31  3:19  Queen  
  36  3:26  Drone x3  
  39  3:32  Drone x2  
  41  3:39  Drone x3  
  44  3:42  Overlord  
  44  3:51  Zergling x6  
  44  3:52  Zergling x2  
  48  4:07  Queen  
  48  4:08  Queen  
  52  4:10  Queen  
  53  4:30  Drone  
  54  4:36  Spine Crawler  
  53  4:43  Drone  
  53  4:44  Baneling Nest, Zergling x8  
  57  4:46  Overlord x4  
  57  5:04  Queen x3  
  60  5:27  Zergling x6  
  60  5:28  Zergling x30  
  78  5:41  Lair  
  74  5:56  Zergling x12  
  65  6:22  Drone x9  
  74  6:32  Drone x5  
  79  6:38  Evolution Chamber  
  79  6:39  Drone x3, Evolution Chamber  
  80  6:40  Extractor  
  80  6:41  Drone x3  
  80  6:43  Centrifical Hooks  
  81  6:55  Zergling x8  
  81  6:56  Baneling  
  81  6:57  Baneling x5  
  81  6:58  Spire  
  84  7:07  Overseer  
  77  7:32  Zergling x2  
  77  7:33  Zergling x24  
  85  7:43  Zergling x8  
  80  7:48  Zerg Melee Weapons Level 1  
  80  7:50  Zergling x2  
  79  7:55  Overseer x2  
  79  7:58  Zergling x4  
  79  7:59  Zergling x2  
  79  8:03  Zergling x2  
  83  8:09  Zergling x4  
  83  8:11  Zerg Flyer Weapons Level 1  
  85  8:14  Baneling x2  
  85  8:16  Baneling  
  85  8:18  Zergling x4  
  84  8:34  Baneling x2  
  84  8:35  Zergling x10, Baneling  
  84  8:38  Overlord x5  
  89  8:44  Extractor  
  89  8:45  Extractor  
  89  8:46  Overlord x2  
  82  9:05  Baneling x7  
  82  9:14  Zergling x2  
  82  9:15  Zergling x18  
  88  9:17  Baneling x5  
  80  9:27  Zergling x20  
  86  9:32  Zergling x2  
  86  9:36  Zergling x2  
  88  9:41  Baneling x10  
  88  9:53  Mutalisk  
  90  10:00  Extractor x2  
  87  10:17  Zergling x18  
  87  10:18  Zergling x14  
  96  10:25  Zergling x4  
  83  10:35  Zergling x2  
  83  10:36  Zergling x4  
  83  10:40  Drone  
  87  10:45  Zergling x4  
  87  10:48  Hatchery  
  88  10:53  Mutalisk x2  
  92  10:57  Drone  
  92  11:00  Baneling x3  
  92  11:01  Baneling x7  
  93  11:13  Zergling x6  
  93  11:14  Zergling x12  
Tags
 
Add a new tag
Caveats
  • Supply blocks, unpowered buildings, or Contaminate may cause inaccurate times.
  • Supply counts are checked every 10 seconds.